 Dungeon Crawl Stone Soup version 0.24.0-13-gcf9b319 (webtiles) character file.

Game seed: 8840795663323684830, levelgen mode: deterministic

93 Ajohnson the Ducker (level 4, -1/35 HPs)
             Began as a Demonspawn Gladiator on Dec 2, 2019.
             Slain by an adder (3 damage)
             ... on level 3 of the Dungeon.
             The game lasted 00:03:12 (2002 turns).

Ajohnson the Ducker (Demonspawn Gladiator)          Turns: 2002, Time: 00:03:14

Health: -1/35      AC:  4    Str: 14 (15) XL:     4   Next: 37%
Magic:  0/4        EV: 18    Int:  7 (9)  God:
Gold:   56         SH:  0    Dex: 17 (20) Spells: 3/3 levels left

rFire    . . .     SeeInvis .   a - +0 trident
rCold    . . .     Gourm    .   (no shield)
rNeg     . . .     Faith    .   b - +0 leather armour
rPois    .         Spirit   +   c - +0 helmet
rElec    .         Reflect  .   (no cloak)
rCorr    .         Harm     .   (no gloves)
MR       .....                  (no boots)
Stlth    ++........             (no amulet)
HPRegen  0.11/turn              (no ring)
MPRegen  0.09/turn              (no ring)

@: agile, lethally poisoned (-1 -> -12)
A: magic shield
a: no special abilities


You were on level 3 of the Dungeon.
You were hungry.

You visited 1 branch of the dungeon, and saw 3 of its levels.

You collected 56 gold pieces.

Inventory:

Hand Weapons
 a - a +0 trident (weapon)
Missiles
 d - 3 throwing nets (quivered)
Armour
 b - a +0 leather armour (worn)
 c - a +0 helmet (worn)
Jewellery
 h - an uncursed ring of protection from fire {unknown}
Scrolls
 i - a scroll of blinking {unknown}
 o - a scroll of remove curse {unknown}
Potions
 e - 2 potions of degeneration
 j - a potion of invisibility
 l - a potion of brilliance {unknown}
 m - a potion of magic {unknown}
 p - a potion of flight {unknown}
Comestibles
 f - 3 rations
 n - 2 chunks of flesh


   Skills:
 + Level 3.1 Fighting
 + Level 3.4 Polearms
 - Level 1.7 Throwing
 + Level 3.5 Dodging


You had 3 spell levels left.
You didn't know any spells.
Your spell library was empty.

Dungeon Overview and Level Annotations

Branches:
Dungeon (3/15)

Altars:
Cheibriados
Hepliaklqana
Nemelex Xobeh
Yredelemnul

Annotations:
D:3 Ijyb, Jessica


Innate Abilities, Weirdness & Mutations

When hurt, damage is shared between your health and your magic reserves.


Message History

It was a potion of cancellation.
Your magical effects are unravelling.
You feel magically purged.
Your magical contamination has completely faded away.
You flicker back into view.
* * * LOW HITPOINT WARNING * * *
You feel sick.
Jessica shouts!
The adder bites you.
You are more poisoned.
The adder poisons you!
Jessica gestures wildly while chanting.
Jessica seems to speed up.
It was a potion of agility.
You feel agile all of a sudden.
* * * LOW HITPOINT WARNING * * *
You feel sick.
Jessica casts a spell.
Jessica blinks!
The adder bites you.
You die...

#.# #.# #.#
########.#
#........#
#.######## #.#
######### #.#
#.....@.§ #.#
#@# #.# ##S##
#### . #.#
###.hh###...#...
#.#
#...#g..?.#...@.
#<#
#.#.............
#.#
#..⌠.⌠.###......
#.# #..._..(##
##..g #.#
#.#⌠.⌠...#. .
#.# #.#........#


You could see an adder, Jessica, 2 jackals and a goblin.

Vanquished Creatures
  4 adders
  2 oozes
  A worm (D:2)
  3 dart slugs
  A leopard gecko (D:2)
  2 giant cockroaches (D:2)
  6 goblins
  3 hobgoblins (D:2)
  2 jackals (D:3)
  3 kobolds (D:2)
  A quokka (D:2)
  7 bats
  2 frilled lizards
  4 rats
41 creatures vanquished.

Notes
Turn   | Place    | Note
-------+----------+-------------------------------------------
     0 | D:1      | Ajohnson the Demonspawn Gladiator began the quest for the
                  | Orb.
     0 | D:1      | Reached XP level 1. HP: 16/16 MP: 1/1
   179 | D:1      | Gained mutation: When hurt, damage is shared between your
                  | health and your magic reserves. [demonic ancestry]
   179 | D:1      | Reached XP level 2. HP: 22/22 MP: 2/2
   527 | D:2      | Found a snail-covered altar of Cheibriados.
   669 | D:2      | Reached XP level 3. HP: 28/28 MP: 3/3
   697 | D:2      | Found a basalt altar of Yredelemnul.
  1277 | D:2      | Found a hazy altar of Hepliaklqana.
  1535 | D:3      | Reached XP level 4. HP: 30/35 MP: 4/4
  1588 | D:3      | Noticed Ijyb
  1951 | D:3      | Found a sparkling altar of Nemelex Xobeh.
  1961 | D:3      | Noticed Jessica
  2002 | D:3      | Slain by an adder

Levels and vault maps discovered:
D:1:      shiori_arrival_maze, layout_loops_cross
D:2:      layout_loops_ring, marbit_many_paths, kennysheep_slug_shrine,
          yredelemnul_altar_generic
D:3:      layout_loops_ring, led_sif_pool, nemelex_xobeh_ov_fountains_minmay,
          uniq_ijyb, uniq_natasha, uniq_jessica

Skill      XL: |  1  2  3 |
---------------+----------+-----
Polearms       | 3 |  3.4
Dodging        | 3 |  3.5
Fighting       | 3 |  3.1
Throwing       | |  1.7

Action                   |  1- 3 |  4- 6 || total
-------------------------+-------+-------++-------
Melee: Trident           |   107 |    52 ||   159
  Use: Potion            |       |     4 ||     4
 Stab: Sleeping          |     4 |     1 ||     5
  Eat: Chunk             |     2 |     1 ||     3
Armor: Leather armour    |    31 |    14 ||    45
Dodge: Dodged            |    62 |    42 ||   104
